 Dungeon Crawl Stone Soup version 0.29.1-13-g9f3cf754e1 (webtiles) character file.

Game seed: 3505285365399535964

2430 Thatpatchoflichen the Fighter (level 9, -2/97 HPs)
             Began as an Ogre Monk on Feb 7, 2023.
             Slain by a killer bee (5 damage)
             ... on level 7 of the Dungeon on Feb 8, 2023.
             The game lasted 00:21:02 (8419 turns).

Thatpatchoflichen the Fighter (Ogre Monk)           Turns: 8419, Time: 00:21:03

Health: -2/97      AC:  8    Str: 21    XL:     9   Next: 48%
Magic:  9/9        EV: 12    Int: 11    God:
Gold:   467        SH:  0    Dex: 11    Spells: 8/8 levels left

rFire   . . .      SeeInvis .   N - +0 giant club
rCold   . . .      Faith    .   (shield currently unavailable)
rNeg    . . .      Spirit   .   b - +0 robe
rPois   .          Reflect  .   L - +0 hat
rElec   .          Harm     .   K - +0 cloak
rCorr   .          Rampage  .   (gloves unavailable)
Will    +....                   (boots unavailable)
Stlth   ++........              (no amulet)
HPRegen 0.26/turn               j - +4 ring of protection
MPRegen 0.11/turn               G - ring of willpower

@: lethally poisoned (-2 -> -12)
A: large, unfitting armour, tough skin 1
a: no special abilities


You were on level 7 of the Dungeon.
You visited 1 branch of the dungeon, and saw 8 of its levels.

You collected 467 gold pieces.

Inventory:

Hand Weapons
 E - the +8 shortbow of Reinforcement {freeze, rPois rC- Str+9}
   (You found it on level 5 of the Dungeon)

   Any ammunition fired from it freezes those it strikes, dealing additional
   cold damage.
   It can also slow down cold-blooded creatures.
   Str:       It affects your strength (+9).
   rC:        It makes you vulnerable to cold.
   rPois:     It protects you from poison.
 N - a +0 giant club (weapon)
Missiles
 g - 31 poisoned darts (quivered)
 m - 3 datura-tipped darts
 M - a throwing net
Armour
 b - a +0 robe (worn)
 B - the +4 Cigotuvi's embrace {rMiasma Drain rN+}
   (You found it on level 4 of the Dungeon)

   It gathers nearby corpses to temporarily increase the armour it provides.
   It protects you from foul pestilence.
   rN:        It protects you from negative energy.
   Drain:     It drains your maximum health when unequipped.
 K - a +0 cloak (worn)
 L - a +0 hat (worn)
Jewellery
 j - a +4 ring of protection (left hand)
 z - a ring of flight
 G - a ring of willpower (right hand)
 O - an amulet of the acrobat
 S - a ring of poison resistance
Wands
 r - a wand of flame (27)
 C - a wand of mindburst (14)
 P - a wand of iceblast (14)
 R - a wand of light (4)
Scrolls
 a - a scroll of fog {unknown}
 i - a scroll of torment {unknown}
 k - a scroll of enchant armour {unknown}
 l - 4 scrolls of identify
 n - a scroll of noise {unknown}
 o - a scroll of fear {unknown}
 q - 2 scrolls of teleportation
 s - a scroll of silence {unknown}
 x - a scroll of magic mapping {unknown}
 y - 2 scrolls of poison {unknown}
 A - a scroll of amnesia {unknown}
 D - a scroll of blinking {unknown}
 F - 2 scrolls of vulnerability {unknown}
Potions
 c - a potion of ambrosia
 d - 5 potions of curing {unknown}
 e - 2 potions of berserk rage {unknown}
 f - 3 potions of attraction {unknown}
 h - 2 potions of heal wounds {unknown}
 p - 3 potions of invisibility {unknown}
 t - 2 potions of flight {unknown}
 u - 2 potions of resistance {unknown}
 v - 3 potions of haste {unknown}
 w - 2 potions of lignification {unknown}
 H - a potion of might {unknown}
 I - a potion of brilliance {unknown}
 J - 4 potions of degeneration {unknown}
 Q - a potion of cancellation {unknown}


   Skills:
 + Level 8.7 Fighting
 + Level 8.3 Maces & Flails
 * Level 6.9 Dodging
 - Level 1.4 Stealth


You had 8 spell levels left.
You didn't know any spells.
Your spell library contained the following spells:

 Spells                   Type           Power      Damage    Failure   Level
 Ensorcelled Hibernation  Hex/Ice        0%         N/A       47%         2
 Passwall                 Tmut/Erth      0%         N/A       47%         2
 Swiftness                Air            0%         N/A       71%         3


Dungeon Overview and Level Annotations

Branches:
Dungeon (8/15)
 Temple: D:4-7         Lair: D:8-11

Altars:
Ashenzari
Dithmenos
Elyvilon
Ru
Trog
Uskayaw
Yredelemnul
The Shining One


Innate Abilities, Weirdness & Mutations

You are too large for most types of armour.
You have tough skin. (AC +1)


Message History

The killer bee closely misses you. x2; The killer bee barely misses you.
The killer bee stings you but does no damage.
You miss the killer bee.
Your surroundings suddenly seem different.
You feel sick.
You start resting.
You feel sick. x6
You are no longer poisoned.
You start resting.
A killer bee is nearby!
The killer bee buzzes angrily.
You barely miss the killer bee. The killer bee barely misses you.
The killer bee stings you but does no damage.
You barely miss the killer bee. The killer bee barely misses you.
The killer bee stings you but does no damage.
You closely miss the killer bee. The killer bee stings you.
* * * LOW HITPOINT WARNING * * *
The killer bee barely misses you.
The killer bee stings you but does no damage.
You closely miss the killer bee. The killer bee barely misses you. x2
You closely miss the killer bee.
The killer bee stings you but does no damage.
The killer bee stings you.
* * * LOW HITPOINT WARNING * * *
The killer bee stings you!
* * * LOW HITPOINT WARNING * * *
You are poisoned.
The killer bee poisons you!
You closely miss the killer bee.
You feel very sick. The killer bee closely misses you.
The killer bee misses you.
You closely miss the killer bee.
You feel sick. The killer bee completely misses you. The killer bee stings you.
* * * LOW HITPOINT WARNING * * *
You are lethally poisoned!
The killer bee poisons you!
You closely miss the killer bee.
* * * LOW HITPOINT WARNING * * *
You feel very sick. The killer bee barely misses you.
The killer bee stings you.
You die...

#...........##.# ##...##
#.......#.####.#
####.####### ##...<....# #.#
#..........# ##.....### #.#
#.##......#. ##...## #.#
#.#######..# ##.## #.###.#
#..# #########.######
#.....# #..#
.....)....##...######..#####
#..#
.###########....@y.........#
#..# ..# #...######..###.#
#..# ..# ##.## #..# #.# #..#
#.###########.# #..# #.#
#..# #......(......#
#..###.###..#
###############
#...........# #.####......#
#.........### #######...#


You could see a killer bee.

Vanquished Creatures
  A steam dragon (D:7)
  2 sky beasts (D:7)
  A black bear (D:5)
  3 ice beasts
  An ogre (D:6)
  A centaur (D:7)
  4 phantoms
  A kobold brigand (D:8)
  8 scorpions
  2 bullfrogs (D:7)
  3 howler monkeys
  An electric eel (D:8)
  5 hounds
  2 iguanas
  2 jellies (D:7)
  An orc wizard (D:4)
  4 gnolls
  5 adders
  2 shadow imps
  3 white imps
  3 dart slugs
  9 orcs
  4 bats
  9 endoplasms
  2 giant cockroaches
  7 goblins
  5 hobgoblins
  11 kobolds
  3 quokkas
  4 ball pythons
  4 frilled lizards
  5 rats
118 creatures vanquished.

Vanquished Creatures (others)
  A quokka (D:5)
1 creature vanquished.

Grand Total: 119 creatures vanquished

Notes
Turn   | Place    | Note
-------+----------+-------------------------------------------
     0 | D:1      | Thatpatchoflichen the Ogre Monk began the quest for the
                  | Orb.
     0 | D:1      | Reached XP level 1. HP: 24/24 MP: 1/1
   319 | D:1      | Reached XP level 2. HP: 25/32 MP: 2/2
   630 | D:1      | You fall into a shaft and drop 1 floor!
  1008 | D:2      | Found a bloodstained altar of Trog.
  1029 | D:2      | Reached XP level 3. HP: 39/39 MP: 3/3
  1614 | D:1      | Reached XP level 4. HP: 42/48 MP: 4/4
  2113 | D:2      | Found a faded altar of an unknown god.
  2627 | D:3      | Found a basalt altar of Yredelemnul.
  2949 | D:4      | Reached XP level 5. HP: 43/54 MP: 5/5
  3722 | D:4      | Noticed a phantom
  3732 | D:4      | Noticed a phantom
  3789 | D:3      | Reached skill level 5 in Fighting
  3908 | D:4      | Reached XP level 6. HP: 66/66 MP: 6/6
  3986 | D:4      | Found the +4 Cigotuvi's embrace {rMiasma Drain rN+}
  4027 | D:4      | Reached skill level 5 in Maces & Flails
  4287 | D:4      | Reached XP level 7. HP: 57/75 MP: 7/7
  4419 | D:4      | Found a hide-covered altar of Uskayaw.
  4566 | D:5      | Entered Level 5 of the Dungeon
  4793 | D:5      | Found a shadowy altar of Dithmenos.
  4882 | D:5      | Identified the +8 shortbow of Reinforcement {freeze, rPois
                  | rC- Str+9}
  4976 | D:5      | Found a broken altar of Ashenzari.
  4978 | D:5      | Found a white marble altar of Elyvilon.
  5090 | D:5      | Reached XP level 8. HP: 8/87 MP: 8/8
  6179 | D:6      | Reached skill level 5 in Dodging
  6474 | D:6      | Found a sacrificial altar of Ru.
  6876 | D:6      | Noticed a cyclops
  6893 | D:7      | Found a glowing golden altar of the Shining One.
  7213 | D:7      | Reached XP level 9. HP: 72/96 MP: 9/9
  8419 | D:7      | HP: 3/97 [poisoned by a killer bee]
  8419 | D:7      | Slain by a killer bee

Illustrated notes

Levels and vault maps discovered:
D:1:      matt_arrival_grand_opening, layout_basic, minivault_19
D:2:      layout_rooms, basic_altar, chequers_ecumenical_altar_island,
          minmay_misc_feat_cross, hex_medium, minmay_increasing_density
D:3:      layout_rooms, mainiacjoe_overflow_tiny_flanked, minivault_11
D:4:      layout_rooms, mainiacjoe_overflow_catwalk
D:5:      layout_basic, mainiacjoe_overflow_chevrons, elyvilon_altar_4,
          grunt_dithmenos_shadows, dk_vineyard_3
D:6:      layout_basic, general_overflow_altar, nicolae_overflow_crystal_walls,
          temple_doors_e, minmay_chambers_of_fives
D:7:      layout_loops_ring, old_standard_altar
D:8:      layout_rooms, enter_bailey_5, water_maze_lemuel, uniq_joseph,
          uniq_psyche, uniq_grum, uniq_pikel

Skill      XL: |  1  2  3  4  5  6  7  8  9 |
---------------+----------------------------+-----
Maces & Flails | 3 4 5 6 7 8 |  8.3
Dodging        | 3 4 6 |  6.9
Fighting       | 5 6 7 8 |  8.7
Stealth        | |  1.4

Action                   |  1- 3 |  4- 6 |  7- 9 || total
-------------------------+-------+-------+-------++-------
Melee: Mace              |   101 |    69 |       ||   170
       Flail             |       |   161 |   147 ||   308
       Punch             |       |     2 |     1 ||     3
       Giant club        |       |       |    89 ||    89
Throw: Dart              |     2 |       |       ||     2
  Use: Scroll            |       |       |     2 ||     2
 Stab: Sleeping          |       |     2 |     1 ||     3
Armor: Robe              |    51 |   139 |   133 ||   323
Dodge: Dodged            |    78 |   136 |   171 ||   385
